 Dungeon Crawl Stone Soup version 0.30-a0-263-ge22c4ad894 (webtiles) character file.

Game seed: 13667940669959175751

176 themarg the Trooper (level 5, 0/50 HPs)
             Began as a Minotaur Monk on Oct 13, 2022.
             Killed from afar by Blork the orc (7 damage)
             ... with a magic dart
             ... on level 4 of the Dungeon.
             The game lasted 00:10:20 (2607 turns).

themarg the Trooper (Minotaur Monk)                 Turns: 2607, Time: 00:10:20

Health: 0/50       AC:  4    Str: 17    XL:     5   Next: 30%
Magic:  4/4        EV: 13    Int: 13    God:
Gold:   125        SH:  0    Dex: 13    Spells: 4/4 levels left

rFire   . . .      SeeInvis .    a - +0 hand axe
rCold   . . .      Faith    .    (no shield)
rNeg    . . .      Spirit   .    q - +0 leather armour
rPois   .          Reflect  .    (helmet restricted)
rElec   .          Harm     .    (no cloak)
rCorr   .          Rampage  .    e - +0 pair of gloves
Will    .....                    (no boots)
Stlth   +.........               (no amulet)
HPRegen 0.28/turn                p - +6 ring of intelligence
MPRegen 0.09/turn                (no ring)

@: confused, ambrosia-drunk
A: horns 2, retaliatory headbutt
a: no special abilities


You were on level 4 of the Dungeon.
You visited 1 branch of the dungeon, and saw 4 of its levels.

You collected 125 gold pieces.

Inventory:

Hand Weapons
 a - a +0 hand axe (weapon)
 j - a +0 dagger of venom
Missiles
 f - 6 poisoned darts (quivered)
 i - 2 throwing nets
 m - 31 stones
 r - 4 boomerangs
Armour
 e - a +0 pair of gloves (worn)
 q - a +0 leather armour (worn)
Magical Staves
 t - a staff of air
Jewellery
 p - a +6 ring of intelligence (left hand)
Scrolls
 d - 2 scrolls of fear
 h - a scroll of amnesia {unknown}
 k - a scroll of enchant weapon {unknown}
 l - a scroll of vulnerability {unknown}
 n - 2 scrolls of immolation
 o - a scroll of blinking {unknown}
 s - 2 scrolls of summoning {unknown}
 u - 2 scrolls of teleportation {unknown}
Potions
 b - a potion of resistance
 g - 3 potions of curing


   Skills:
 + Level 6.0 Fighting
 - Level 4.3 Axes
 - Level 4.0 Dodging
 - Level 2.3 Stealth


You had 4 spell levels left.
You didn't know any spells.
Your spell library contained the following spells:

 Spells                   Type           Power      Damage    Failure   Level
 Hailstorm                Conj/Ice       0%         3d3       75%         3
 Ice Form                 Ice/Tmut       0%         N/A       98%         4
 Simulacrum               Ice/Necr       0%         N/A       100%        6


Dungeon Overview and Level Annotations

Branches:
Dungeon (4/15)
 Temple: D:4-7

Altars:
Kikubaaqudgha

Annotations:
D:2 1 runed translucent door, Crazy Yiuf, Natasha, Terence
D:3 Ijyb
D:4 exclusion: scorpion, Blork the orc


Innate Abilities, Weirdness & Mutations

You have a pair of horns on your head.
You reflexively headbutt those who attack you in melee.


Message History

a +0 club; a kobold corpse HP restored.
m - 31 stones (gained 2)
Found a robe.
You see here a +0 robe.
Blork the orc comes into view.
He is wielding a +0 battleaxe and carrying a wand of flame (7).
Found a mace.
Blork the orc zaps a wand.
The puff of flame hits you!
Blork the orc zaps a wand.
The puff of flame hits you!
You see here a +0 robe.
Blork the orc barely misses you.
You barely miss Blork the orc.
Blork the orc gestures at you while chanting.
The puff of frost hits you!
You closely miss Blork the orc. Blork the orc misses you.
Sorry, you're not good enough to have a special ability.
Okay, then.
Okay, then.
You hit Blork the orc.
You headbutt Blork the orc, but do no damage.
Blork the orc is lightly wounded.
Blork the orc hits you with a +0 battleaxe!
You are confused.
You feel invigorated.
Blork the orc casts a spell.
Blork the orc seems to speed up.
You bump into the rock wall.
Blork the orc hits you with a +0 battleaxe!
Blork the orc zaps a wand.
The puff of flame hits you!
* * * LOW HITPOINT WARNING * * *
You barely miss Blork the orc. Your headbutt misses Blork the orc.
Blork the orc is lightly wounded.
Blork the orc hits you with a +0 battleaxe!
* * * LOW HITPOINT WARNING * * *
Blork the orc closely misses you.
You are too confused!
Okay, then.
Blork the orc attacks as you move away! Blork the orc closely misses you.
Blork the orc points at you and mumbles some strange words.
The magic dart hits you!
You die...

♣...÷..P♣
#...#o##.###
♣.)....~♣# ### #.#
♣..§§....# #.#
P..§....## #####o#
.P.§....♣ #.o...#
##.....#♣ #.#####
♣P..PP♣ #.#
####.##############.#
.)..............@.o.#
#####################


You could see Blork the orc (fast).

Vanquished Creatures
  A kobold brigand (D:4)
  3 adders
  An ufetubus (D:3)
  A worm (D:4)
  2 dart slugs
  2 endoplasms
  2 giant cockroaches
  A goblin (D:1)
  6 hobgoblins
  9 jackals
  12 kobolds
  5 quokkas
  8 ball pythons
  9 bats
  6 frilled lizards
  2 rats (D:3)
70 creatures vanquished.

Vanquished Creatures (others)
  15 plants (D:4)
15 creatures vanquished.

Grand Total: 85 creatures vanquished

Notes
Turn   | Place    | Note
-------+----------+-------------------------------------------
     0 | D:1      | themarg the Minotaur Monk began the quest for the Orb.
     0 | D:1      | Reached XP level 1. HP: 19/19 MP: 0/0
    47 | D:1      | Reached XP level 2. HP: 13/27 MP: 1/1
   321 | D:1      | Reached skill level 4 in Fighting
   653 | D:2      | Reached XP level 3. HP: 33/33 MP: 2/2
   942 | D:2      | Noticed Terence
  1255 | D:2      | Noticed Natasha
  1412 | D:2      | Found a runed translucent door.
  1413 | D:2      | Noticed Crazy Yiuf
  1695 | D:3      | Reached XP level 4. HP: 40/40 MP: 3/3
  1920 | D:3      | Noticed Ijyb
  2247 | D:4      | Reached skill level 5 in Fighting
  2248 | D:4      | Found an ancient bone altar of Kikubaaqudgha.
  2396 | D:4      | Noticed a scorpion
  2431 | D:4      | Noticed a kobold brigand
  2487 | D:4      | Killed a kobold brigand
  2488 | D:4      | Reached XP level 5. HP: 31/50 MP: 4/4
  2493 | D:4      | Reached skill level 6 in Fighting
  2584 | D:4      | Noticed Blork the orc
  2607 | D:4      | Killed from afar by Blork the orc

Illustrated notes

Levels and vault maps discovered:
D:1:      amcnicky_arrival_underground_garden, layout_rooms,
          kennysheep_pointless_box
D:2:      layout_loops_cross, uniq_terence, uniq_crazy_yiuf_cottage,
          uniq_natasha
D:3:      layout_basic, uniq_ijyb
D:4:      layout_basic, nicolae_overflow_crystal_walls, lexackson_kobold_supper,
          uniq_menkaure, uniq_blork_the_orc

Skill      XL: |  1  2  3  4  5 |
---------------+----------------+-----
Stealth        | 2 |  2.3
Fighting       | 4 5 6 |  6.0
Axes           | 4 |  4.3
Dodging        | 4 |  4.0

Action                   |  1- 3 |  4- 6 || total
-------------------------+-------+-------++-------
Melee: Hand axe          |    91 |    61 ||   152
       Headbutt          |     9 |    17 ||    26
  Use: Scroll            |       |     5 ||     5
       Potion            |       |     1 ||     1
 Stab: Sleeping          |     6 |     1 ||     7
       Distracted        |     1 |       ||     1
Armor: Robe              |    14 |       ||    14
       Leather armour    |    12 |     9 ||    21
Dodge: Dodged            |    65 |    42 ||   107

Table legend: (Time is in decaauts)
 A = Elapsed time spent in this place.
 B = Non-inter-level travel time spent in this place.
 C = Inter-level travel time spent in this place.
 D = Time resting spent in this place.
 E = Time spent auto-exploring this place.
 F = Levels seen in this place.
 G = Mean time per level.
                   A        B        C        D        E       F      G
               +--------+--------+--------+--------+--------+-----+--------+
         Total |   2621 |   2553 |     68 |    192 |   1823 |   4 |  655.2 |
       Dungeon |   2621 |   2553 |     68 |    192 |   1823 |   4 |  655.2 |
               +--------+--------+--------+--------+--------+-----+--------+

Top non-repeatable levels by time:
     D:2: 907 daAuts
     D:3: 731 daAuts
     D:1: 642 daAuts
     D:4: 338 daAuts
